 Dungeon Crawl Stone Soup version 0.15.2 (webtiles) character file.

13911 Huymann the Covert (level 11, -16/72 HPs)
             Began as a High Elf Wizard on Feb 22, 2015.
             Was a Believer of Ashenzari.
             Killed from afar by a fire dragon (49 damage)
             ... with a blast of flame
             ... on Level 12 of the Dungeon on Feb 23, 2015.
             The game lasted 02:40:17 (16331 turns).

Huymann the Covert (High Elf Wizard)               Turns: 16331, Time: 02:40:19

HP -16/72        AC 10     Str  8      XL: 11   Next: 81%
MP  14/38        EV 15     Int 21      God: Ashenzari [**....]
Gold 484         SH 11     Dex 17      Spells:  7 memorised, 11 levels left

rFire  . . .     SeeInvis +     i - +4 dagger (venom) (curse)
rCold  . . .     Clarity  +     p - +2 robe {MR+} (curse)
rNeg   . . .     rCorr    .     N - +2 shield (curse)
rPois  +         rRot     .     V - +1 hat {SInv} (curse)
rElec  .         Spirit   .     t - +0 cloak (curse)
SustAb .         Warding  .     D - +2 pair of gloves (curse)
rMut   .         Stasis   .     M - +0 pair of boots (curse)
Gourm  .                        n - amulet of clarity
MR     ++...                    y - cursed ring of poison resistance
                                g - cursed ring of magical power

@: repel missiles, very resistant to hostile enchantments, quite stealthy
A: no striking features
a: Renounce Religion


You were on level 12 of the Dungeon.
You worshipped Ashenzari.
Ashenzari was pleased with you.
You were hungry.

You visited 2 branches of the dungeon, and saw 13 of its levels.
You also visited: Ice Cave.

You collected 610 gold pieces.
You spent 126 gold pieces at shops.

Inventory:

Hand weapons
 e - a +1 dagger of protection
 i - a cursed +4 dagger of venom (weapon)
 Q - a +4 dagger of chaos
Missiles
 h - 6 javelins
 x - 3 steel tomahawks
 z - 10 tomahawks (quivered)
 X - 6 throwing nets
Armour
 p - a cursed +2 robe of magic resistance (worn)
 t - a cursed +0 cloak (worn)
 D - a cursed +2 pair of gloves (worn)
 M - a cursed +0 pair of boots (worn)
 N - a cursed +2 shield (worn)
 V - a cursed +1 hat of see invisible (worn)
Magical devices
 a - a wand of slowing (5)
 E - a wand of frost (18)
 F - a wand of confusion (9)
 S - a wand of paralysis (10)
Comestibles
 d - 8 bread rations
 f - 7 meat rations
 v - 6 rotting chunks of elephant slug flesh
Scrolls
 s - a scroll of curse armour
 A - 3 scrolls of curse weapon
 B - 4 scrolls of blinking
 C - 4 scrolls of magic mapping
 G - 5 scrolls of teleportation
 I - 3 scrolls of identify
 T - 3 scrolls of recharging
 U - 3 scrolls of fear
Jewellery
 g - a cursed ring of magical power (left hand)
 n - an amulet of clarity (around neck)
 y - a cursed ring of poison resistance (right hand)
 H - an uncursed ring of wizardry
 O - an uncursed ring of see invisible
Potions
 j - a potion of haste
 l - a potion of brilliance
 o - a potion of restore abilities
 q - a potion of resistance
 r - a potion of flight
 u - 5 potions of curing
 w - a potion of lignification
 J - a potion of cure mutation
 L - a potion of magic
 W - a potion of invisibility
 Y - 3 potions of heal wounds
 Z - a potion of agility
Books
 c - a book of Minor Magic

   Spells                             Type                      Level
   *Magic Dart                        Conjuration                  1
   *Blink                             Translocation                2
   *Call Imp                          Summoning                    2
   *Repel Missiles                    Charms/Air                   2
   Slow                               Hexes                        2
   *Conjure Flame                     Conjuration/Fire             3
   *Mephitic Cloud                    Conjuration/Poison/Air       3
 k - a book of Frost

   Spells                             Type                      Level
   Freeze                             Ice                          1
   *Throw Frost                       Conjuration/Ice              2
   Ozocubu's Armour                   Charms/Ice                   3
   Throw Icicle                       Conjuration/Ice              4
   Summon Ice Beast                   Ice/Summoning                4
   Condensation Shield                Ice                          4
 K - a book of Geomancy

   Spells                             Type                      Level
   Sandblast                          Earth                        1
   Stoneskin                          Transmutation/Earth          2
   Passwall                           Transmutation/Earth          3
   Stone Arrow                        Conjuration/Earth            3
   Petrify                            Transmutation/Earth          4
   Lee's Rapid Deconstruction         Earth                        5
 R - a book of Clouds

   Spells                             Type                      Level
   *Mephitic Cloud                    Conjuration/Poison/Air       3
   *Conjure Flame                     Conjuration/Fire             3
   Poisonous Cloud                    Conjuration/Poison/Air       6
   Freezing Cloud                     Conjuration/Ice/Air          6
   Ring of Flames                     Charms/Fire                  7
Magical staves
 P - an uncursed staff of poison


   Skills:
 * Level 6.3 Fighting
 * Level 7.2(9.6) Short Blades
 + Level 5.0 Staves
 + Level 4.4 Throwing
 + Level 5.1(7.3) Dodging
 * Level 8.8(11.0) Stealth
 * Level 3.2(4.5) Shields
 * Level 8.2 Spellcasting
 * Level 7.2(8.7) Conjurations
 + Level 2.0(3.1) Summonings
 + Level 2.5(3.8) Translocations
 * Level 3.7(5.0) Fire Magic
 * Level 2.9(4.2) Ice Magic
 + Level 6.3(7.8) Air Magic
 + Level 2.6(3.8) Poison Magic
 + Level 0.2(0.5) Evocations


You had 11 spell levels left.
You knew the following spells:

 Your Spells              Type           Power        Failure   Level  Hunger
a - Magic Dart            Conj           ####         1%          1    None
b - Blink                 Tloc           N/A          10%         2    None
c - Call Imp              Summ           ###.....     12%         2    None
d - Mephitic Cloud        Conj/Pois/Air  #####...     6%          3    None
e - Conjure Flame         Conj/Fire      #####...     6%          3    None
f - Throw Frost           Conj/Ice       #####.       2%          2    None
g - Repel Missiles        Chrm/Air       ####..       10%         2    None


Dungeon Overview and Level Annotations

Branches:
Dungeon (12/15)            Temple (1/1) D:6            Lair (0/8) D:8
    Orc: D:9-12

Altars:
Ashenzari
Cheibriados
Dithmenos
Elyvilon
Fedhas
Kikubaaqudgha
Makhleb
Nemelex Xobeh
Okawaru
Qazlal
Sif Muna
Trog
Vehumet
Xom
Yredelemnul
Zin
The Shining One

Shops:
D:10 %   D:12 !

Portals:
Trove: D:12 (give +4 fire dragon armour)


Message History

Aiming: Mephitic Cloud
Press: ? - help, Shift-Dir - straight line, f/p - fire dragon
Aim: a fire dragon (noxious fumes)
The beam explodes into a vile cloud!
The stinking cloud engulfs the fire dragon.
The stinking cloud engulfs you! The fire dragon misses you.
The fire dragon closely misses you. The fire dragon tramples you!
You stumble backwards!
Casting: Mephitic Cloud
Confirm with . or Enter, or press ? or * to list all spells.
Aiming: Mephitic Cloud
Press: ? - help, Shift-Dir - straight line, f/p - fire dragon
Aim: a fire dragon (noxious fumes)
The beam explodes into a vile cloud!
The stinking cloud engulfs the fire dragon.
The stinking cloud engulfs you! The fire dragon breathes flames at you.
The blast of flame hits you!
Ouch! That really hurt!
You die...

#...........#
#..#####...###..)..
#...........#
#..................
#...........#
#...........[..)...
#...........#
#.........>...[....
#...........#
#..#####...........
#...........# #..#
#........... #...........#
#..# #...########
#...........# #..# #..##≈ ≈
............###§@# #.##≈≈ ≈≈≈
....#...........D# ###≈≈≈≈ ≈
....#..........§§# #≈≈≈≈≈ ≈
##..#..........§§# ##≈≈≈;§≈;≈
##..#.?.........§# #≈≈≈≈≈≈≈≈ ≈
##..#).∩.#.......# #≈≈;≈≈≈≈≈
##..#....#.......####H;;≈≈≈≈⌠.
##..#...##......T##§§........#
##..#...##..........§§H......#


You could see a fire dragon and a troll.

Vanquished Creatures
  Gastronok (D:12)
  Harold (D:10)
  Erica (D:11)
  Pikel (D:7)
  2 hill giants (D:10)
  A cyclops (D:12)
  Joseph (D:8)
  Psyche (D:8)
  A gargoyle (D:12)
  A water moccasin (D:7)
  A hydra zombie (D:12)
  A merfolk (D:9)
  Prince Ribbit (D:6)
  A two-headed ogre (D:10)
  A blink frog (D:8)
  A hill giant zombie (D:12)
  6 yaks
  A shadow (D:12)
  2 wraiths
  A hill giant skeleton (D:12)
  A soldier ant (D:12)
  A slave (D:7)
  A tengu skeleton (D:11)
  2 orc warriors
  10 ice beasts
  2 necrophages (D:9)
  6 ogres
  2 centaurs
  4 phantoms
  2 crocodiles
  A big kobold (D:7)
  Sigmund (D:5)
  6 giant frogs
  Blork the orc (D:4)
  A cyclops zombie (D:9)
  A yak zombie (D:9)
  4 scorpions
  A troll zombie (D:9)
  5 wights
  5 killer bees
  3 eyes of draining (D:6)
  2 quasits
  5 goliath beetles
  4 electric eels (D:10)
  3 crimson imps
  14 orc wizards
  A giant frog skeleton (D:5)
  Crazy Yiuf (D:3)
  2 orc priests
  3 human zombies (D:9)
  8 jellies
  8 hounds
  An iguana (D:4)
  A human skeleton (D:9)
  9 worker ants
  Natasha (D:3)
  A black bear skeleton (D:8)
  2 orange rats (D:8)
  An ogre zombie (D:9)
  A hound skeleton (D:7)
  2 mummies (D:9)
  12 adders
  A gnoll (D:1)
  2 orc skeletons
  An inept item mimic (D:4)
  3 worms
  An orc zombie (D:7)
  An adder skeleton (D:7)
  6 giant geckos
  An ooze (D:5)
  46 orcs
  A ball python (D:3)
  10 giant cockroaches
  9 goblins
  13 hobgoblins
  17 jackals
  7 quokkas
  17 bats
  6 giant newts
  A giant newt zombie (D:5)
  4 giant spores
  A goblin zombie (D:5)
  19 kobolds
  A kobold zombie (D:7)
  16 rats
  7 ballistomycetes
360 creatures vanquished.

Vanquished Creatures (collateral kills)
  A hungry ghost (D:8)
  A water moccasin (D:6)
  An ice beast (IceCv)
  2 adders
  2 worms
  2 orcs
  2 bats (D:2)
  3 hobgoblins
  2 kobolds
  2 quokkas (D:12)
  A giant cockroach (D:2)
  A goblin (D:2)
  A ballistomycete (D:6)
21 creatures vanquished.

Vanquished Creatures (others)
  3 slaves (D:7)
  5 crimson imps
  3 iron imps
  2 shadow imps
  2 white imps
  A giant spore (D:6)
  A jackal zombie (D:3)
  A ballistomycete (D:7)
18 creatures vanquished.

Grand Total: 399 creatures vanquished

Notes
Turn   | Place    | Note
--------------------------------------------------------------
     0 | D:1      | Huymann, the High Elf Wizard, began the quest for the Orb.
     0 | D:1      | Reached XP level 1. HP: 11/11 MP: 5/5
   436 | D:1      | Reached XP level 2. HP: 9/17 MP: 0/7
  1008 | D:1      | Reached skill level 1 in Fighting
  1157 | D:1      | Reached XP level 3. HP: 16/23 MP: 5/10
  1255 | D:1      | Learned a level 2 spell: Blink
  1258 | D:1      | Learned a level 2 spell: Call Imp
  1376 | D:2      | Reached skill level 1 in Short Blades
  1376 | D:2      | Reached skill level 4 in Spellcasting
  1574 | D:2      | Reached skill level 1 in Summonings
  1684 | D:2      | Reached XP level 4. HP: 18/28 MP: 7/14
  2986 | D:3      | Learned a level 3 spell: Mephitic Cloud
  3304 | D:3      | Noticed Natasha
  3313 | D:3      | Killed Natasha
  3313 | D:3      | Reached XP level 5. HP: 14/34 MP: 10/16
  3843 | D:3      | Noticed Crazy Yiuf
  3852 | D:3      | Killed Crazy Yiuf
  4152 | D:3      | Reached skill level 1 in Air Magic
  4606 | D:4      | Learned a level 3 spell: Conjure Flame
  4625 | D:4      | Reached XP level 6. HP: 41/41 MP: 18/18
  4684 | D:4      | Noticed an ogre
  4691 | D:4      | Killed an ogre
  4691 | D:4      | Reached skill level 1 in Staves
  5274 | D:4      | Noticed Blork the orc
  5283 | D:4      | Reached skill level 1 in Throwing
  5292 | D:4      | Killed Blork the orc
  5292 | D:4      | Reached XP level 7. HP: 24/45 MP: 21/21
  5495 | D:5      | Entered Level 5 of the Dungeon
  5761 | D:5      | Noticed Sigmund
  5780 | D:5      | Killed Sigmund
  5780 | D:5      | Reached skill level 5 in Spellcasting
  6479 | D:6      | Noticed Prince Ribbit
  6561 | D:6      | Killed Prince Ribbit
  6561 | D:6      | Reached skill level 1 in Poison Magic
  6561 | D:6      | Reached XP level 8. HP: 52/52 MP: 22/22
  6689 | D:6      | Reached skill level 5 in Stealth
  7052 | D:6      | Found a bloodstained altar of Trog.
  7224 | D:6      | Reached skill level 1 in Fire Magic
  7372 | D:6      | Found a staircase to the Ecumenical Temple.
  7444 | Temple   | Entered the Ecumenical Temple
  7534 | Temple   | Became a worshipper of Ashenzari the Shackled
  7885 | D:6      | Reached XP level 9. HP: 54/58 MP: 6/24
  8444 | D:7      | HP: 2/58 [kobold/dagger (2)]
  8687 | D:7      | Noticed Pikel
  8952 | D:7      | Reached skill level 6 in Spellcasting
  8969 | D:7      | Killed Pikel
  8969 | D:7      | Reached skill level 5 in Short Blades
  8969 | D:7      | Reached skill level 5 in Conjurations
  8969 | D:7      | Reached skill level 5 in Air Magic
  9876 | D:8      | Noticed Psyche
  9877 | D:8      | Noticed Joseph
  9920 | D:8      | Killed Joseph
  9937 | D:8      | Killed Psyche
 10206 | D:8      | Found a staircase to the Lair.
 10213 | D:8      | Reached XP level 10. HP: 65/65 MP: 27/27
 10401 | D:8      | Learned a level 2 spell: Throw Frost
 11386 | D:9      | Reached skill level 5 in Staves
 11476 | D:9      | Reached skill level 1 in Shields
 11866 | D:9      | Reached skill level 5 in Fighting
 12321 | D:9      | Reached skill level 7 in Stealth
 12448 | D:9      | Acquired Ashenzari's first power
 12775 | D:9      | Found a basalt altar of Yredelemnul.
 12834 | D:9      | Reached skill level 1 in Ice Magic
 12915 | D:10     | Entered Level 10 of the Dungeon
 13218 | D:10     | Found Tras' Food Emporium.
 13504 | D:10     | Noticed Harold
 13518 | D:10     | Killed Harold
 13518 | D:10     | Reached XP level 11. HP: 70/72 MP: 29/29
 13772 | D:10     | Noticed a hill giant
 13782 | D:10     | Killed a hill giant
 13782 | D:10     | Reached skill level 8 in Stealth
 13863 | D:10     | Noticed a hill giant
 13876 | D:10     | Killed a hill giant
 14277 | D:11     | Noticed Erica
 14293 | D:11     | Killed Erica
 14612 | D:12     | Found a frozen archway.
 14629 | IceCv    | Entered an ice cave
 14865 | IceCv    | Noticed an ice statue
 14865 | IceCv    | Noticed an ice statue
 14865 | IceCv    | Noticed an ice statue
 14910 | D:12     | Found a portal to a secret trove of treasure.
 15175 | D:12     | Found Oni Nuiz's Distillery.
 15205 | D:12     | Bought 2 potions of heal wounds for 84 gold pieces
 15205 | D:12     | Bought a potion of heal wounds for 42 gold pieces
 15377 | D:12     | Learned a level 2 spell: Repel Missiles
 15887 | D:12     | Noticed Gastronok
 15924 | D:12     | Killed Gastronok
 15924 | D:12     | Reached skill level 5 in Dodging
 16310 | D:12     | Noticed a fire dragon
 16331 | D:12     | Killed from afar by a fire dragon

Action                   |  1- 3 |  4- 6 |  7- 9 | 10-12 || total
-------------------------+-------+-------+-------+-------++-------
Melee: Dagger            |    83 |   203 |   335 |   401 ||  1022
       Quarterstaff      |       |    18 |       |       ||    18
Throw: Tomahawk          |       |    11 |    65 |    91 ||   167
       Throwing net      |       |       |     1 |       ||     1
       Javelin           |       |       |       |    19 ||    19
 Cast: Magic Dart        |    42 |    47 |    62 |    72 ||   223
       Call Imp          |     9 |    17 |    16 |    17 ||    59
       Blink             |     1 |     4 |    21 |    10 ||    36
       Mephitic Cloud    |       |    27 |    38 |    59 ||   124
       Conjure Flame     |       |     2 |    22 |    49 ||    73
       Throw Frost       |       |       |       |     5 ||     5
       Repel Missiles    |       |       |       |     1 ||     1
Evoke: Wand              |       |       |     2 |     9 ||    11
  Use: Scroll            |       |     6 |     9 |    23 ||    38
       Potion            |       |       |     4 |       ||     4
 Stab: Sleeping          |     4 |     2 |     9 |    24 ||    39
       Confused          |       |    11 |     5 |    25 ||    41
       Distracted        |       |       |     2 |     1 ||     3
  Eat: Chunk             |     2 |    14 |    17 |    14 ||    47
       Royal jelly       |       |       |     1 |       ||     1
       Bread ration      |       |       |       |     1 ||     1
       Beef jerky        |       |       |       |     1 ||     1
